 Dungeon Crawl Stone Soup version 0.25-a0-565-g8875c97ebb (webtiles) character file.

Game seed: 16667208579784566892, levelgen mode: deterministic

494 Flugslaktarn the Chopper (level 6, -10/58 HPs)
             Began as a Deep Dwarf Fighter on Feb 26, 2020.
             Splashed by a jelly's acid (11 damage)
             ... on level 5 of the Dungeon.
             The game lasted 00:00:57 (1064 turns).

Flugslaktarn the Chopper (Deep Dwarf Fighter)       Turns: 1064, Time: 00:00:58

Health: -10/58     AC: -5    Str: 22    XL:     6   Next: 92%
Magic:  4/4        EV:  6    Int:  8    God:
Gold:   166        SH:  8    Dex: 12    Spells: 5/5 levels left

rFire    . . .     SeeInvis .   a - +0 war axe
rCold    . . .     Gourm    .   c - +0 kite shield
rNeg     . . .     Faith    .   b - +0 scale mail
rPois    .         Spirit   .   (no helmet)
rElec    .         Reflect  .   (no cloak)
rCorr    .         Harm     .   (no gloves)
MR       .....                  (no boots)
Stlth    ..........             (no amulet)
HPRegen  0.00/turn              (no ring)
MPRegen  0.09/turn              (no ring)

@: corroded, non-regenerating, very heavily drained
A: damage resistance, heal wounds, sense surroundings 1, no regeneration
a: Heal Wounds


You were on level 5 of the Dungeon.
You were not hungry.

You visited 1 branch of the dungeon, and saw 5 of its levels.

You collected 166 gold pieces.

Inventory:

Hand Weapons
 a - a +0 war axe (weapon)
Armour
 b - a +0 scale mail (worn)
 c - a +0 kite shield (worn)
Scrolls
 g - 3 scrolls of identify {unknown}
 h - 2 scrolls of amnesia {unknown}
Potions
 d - a potion of might
 i - a potion of lignification {unknown}
 j - 2 potions of flight {unknown}
Comestibles
 e - 5 rations
 f - 11 chunks of flesh


   Skills:
 * Level 4.7(1.1) Fighting
 * Level 5.0(1.3) Axes
 + Level 4.5(0.9) Armour
 + Level 4.5(0.9) Shields


You had 5 spell levels left.
You didn't know any spells.
Your spell library was empty.

Dungeon Overview and Level Annotations

Branches:
Dungeon (5/15)
 Temple: D:4-7

Altars:
Yredelemnul

Shops:
D:4 (   D:5 ?


Innate Abilities, Weirdness & Mutations

You are resistant to damage.
You can heal yourself by infusing magical energy.
You passively map a small area around you.
You do not regenerate.


Message History

You're too confused!
You hit the jelly.
Your hands burn!
The jelly is heavily wounded.
You miss something. Something hits you but does no damage.
The jelly closely misses you. Something hits you. Something hits you.
* * * LOW HITPOINT WARNING * * *
You closely miss something. You hit the jelly but do no damage.
The acid corrodes you!
Your hands burn!
* * * LOW HITPOINT WARNING * * *
You feel less confused. You block the jelly's attack.
You hear some strange, mumbled words.
A puff of flame appears from out of thin air!
The puff of flame hits you!
* * * LOW HITPOINT WARNING * * *
The jelly hits you.
* * * LOW HITPOINT WARNING * * *
You are splashed with acid!
You die...

,#........#.# * *
#........#.# *
#......)#.#,* ,
#.......#'#+#######
#...._.)..........# *,
#...............#.#
*....#....!..#.#.#...#
* , ...
###...........### .. ,
#...J@#.#.#.# . ,,
#...........####### ,,
,*#.....#.#.#.......#
, #####.............#
* ...#.###......# ,
...<.# +......#
.....#,#......#
......#,#......####
... ,#.#......'...


You could see a jelly.

Vanquished Creatures
  Edmund (D:5)
  Blork the orc (D:4)
  A jelly (D:4)
  A bullfrog skeleton (D:4)
  2 orc wizards (D:4)
  3 worker ants (D:4)
  A worker ant zombie (D:5)
  3 gnolls (D:5)
  2 adders
  2 shadow imps
  An ooze (D:1)
  An adder skeleton (D:4)
  A dart slug (D:1)
  A leopard gecko (D:4)
  9 orcs
  4 giant cockroaches
  A hobgoblin (D:1)
  2 jackals (D:4)
  A bat (D:1)
  5 frilled lizards
  2 kobolds
  A quokka skeleton (D:4)
  3 rats (D:1)
49 creatures vanquished.

Notes
Turn   | Place    | Note
-------+----------+-------------------------------------------
     0 | D:1      | Flugslaktarn the Deep Dwarf Fighter began the quest for the
                  | Orb.
     0 | D:1      | Reached XP level 1. HP: 20/20 MP: 1/1
    56 | D:1      | Reached XP level 2. HP: 27/27 MP: 2/2
   218 | D:4      | Reached skill level 3 in Axes
   218 | D:4      | Reached XP level 3. HP: 21/34 MP: 3/3
   246 | D:4      | Reached XP level 4. HP: 40/42 MP: 4/4
   448 | D:4      | Reached XP level 5. HP: 46/50 MP: 5/5
   538 | D:4      | Reached skill level 4 in Axes
   562 | D:4      | Found Waarch's Weapon Boutique.
   710 | D:4      | Noticed Blork the orc
   723 | D:4      | Killed Blork the orc
   723 | D:4      | Reached XP level 6. HP: 42/58 MP: 6/6
   852 | D:5      | Entered Level 5 of the Dungeon
   883 | D:5      | Noticed Edmund
   925 | D:5      | Killed Edmund
   942 | D:5      | Reached skill level 5 in Axes
  1003 | D:5      | Found a basalt altar of Yredelemnul.
  1008 | D:5      | Found Yretutz's Magic Scroll Emporium.
  1064 | D:5      | HP: 2/58 [something/puff of flame (7)]
  1064 | D:5      | Splashed by a jelly's acid

Levels and vault maps discovered:
D:1:      co_arrival_square_in_a_square_in_a_square, layout_basic
D:2:      layout_basic, first_ration, kennysheep_slug_shrine, uniq_natasha,
          uniq_terence
D:3:      layout_loops_ring, gammafunk_temple_overflow_pools,
          grunt_dithmenos_smoke, uniq_jessica, uniq_robin
D:4:      layout_basic, serial_shops, shop_statue, grunt_ministairs_2,
          uniq_blork_the_orc
D:5:      layout_basic, okawaru_metal_pillars_3, basic_altar, serial_shops,
          shop_statue, serial_glass, glass_columns_b, glass_columns_a,
          glass_columns_b, glass_columns_b, glass_columns_c, glass_columns_b,
          uniq_edmund, uniq_duvessa

Skill      XL: |  1  2  3  4  5  6 |
---------------+-------------------+-----
Fighting       | 3 4 |  4.7
Axes           | 3 4 5 |  5.0
Armour         | 4 |  4.5
Shields        | 4 |  4.5

Action                   |  1- 3 |  4- 6 || total
-------------------------+-------+-------++-------
Melee: War axe           |    64 |   164 ||   228
 Abil: Heal Wounds       |     1 |    10 ||    11
  Eat: Chunk             |       |     1 ||     1
Armor: Scale mail        |    37 |    82 ||   119
Dodge: Dodged            |    18 |    55 ||    73
Block: Kite shield       |    40 |    88 ||   128

Table legend:
 A = Non-vault XP
 B = Vault XP
 C = Vault XP percentage of total XP
 D = Non-vault monster count
 E = Vault monster count
 F = Vault count percentage of total count
                 A         B        C        D         E       F
            +---------+---------+-------+---------+---------+-------
      Total |     448 |     258 |  36.5 |      47 |       2 |   4.1
            +---------+---------+-------+---------+---------+-------
        D:1 |      18 |       0 |   0.0 |       9 |       0 |   0.0
        D:2 |      17 |       0 |   0.0 |       4 |       0 |   0.0
        D:3 |       2 |       0 |   0.0 |       1 |       0 |   0.0
        D:4 |     318 |      87 |  21.5 |      20 |       1 |   4.8
        D:5 |      93 |     171 |  64.8 |      13 |       1 |   7.1
            +---------+---------+-------+---------+---------+-------
